 Dungeon Crawl Stone Soup version 0.31-a0-662-g684573625c (webtiles) character file.

Game seed: 2415494974519249892

58 wazuzu the Chopper (level 4, -2/39 HPs)
             Began as a Hill Orc Monk on Sept 1, 2023.
             Slain by a gnoll
             ... wielding the +5 spear "Luudus" {venom, rCorr Dex+2}
              (4 damage)
             ... on level 2 of the Dungeon.
             The game lasted 00:02:49 (955 turns).

wazuzu the Chopper (Hill Orc Monk)                   Turns: 955, Time: 00:02:49

Health: -2/39      AC:  3    Str: 15    XL:     4   Next: 2%
Magic:  4/4        EV: 12    Int: 10    God:
Gold:   106        SH:  0    Dex: 13    Spells: 3/3 levels left

rFire   . . .        a - +0 hand axe
rCold   . . .        d - orb {light}
rNeg    . . .        k - +0 leather armour
rPois   .            (no helmet)
rElec   .            (no cloak)
rCorr   .            (no gloves)
SInv    .            (no boots)
Will    .....        (no amulet)
Stlth   +            (no ring)
HPRegen 0.26/turn    (no ring)
MPRegen 0.09/turn

%: no passive effects
@: lethally poisoned (-2 -> -22), glowing
A: no striking features
a: no special abilities


You were on level 2 of the Dungeon.
You visited 1 branch of the dungeon, and saw 2 of its levels.

You collected 106 gold pieces.


   Skills:
 - Level 3.6 Fighting
 + Level 6.3 Axes
 - Level 2.4 Dodging


You had 3 spell levels left.
You didn't know any spells.
Your spell library was empty.

Dungeon Overview and Level Annotations

Branches:
Dungeon (2/15)

Altars:

Inventory:

Hand Weapons
 a - a +0 hand axe (weapon)
Armour
 d - an orb of light (worn)
 k - a +0 leather armour (worn)
Talismans
 i - a granite talisman
Scrolls
 e - a scroll of blinking {unknown}
 f - a scroll of poison {unknown}
 g - 2 scrolls of identify {unknown}
 j - a scroll of immolation {unknown}
Potions
 c - a potion of ambrosia
 h - a potion of might {unknown}
 l - a potion of brilliance {unknown}
 m - a potion of degeneration {unknown}

##.. ... #...## ##.# #
#.#..# ##.# ####g#
...#####.# #g##
.........# #.g#
.....##############.#
................###.#####
....###########...g.....#
....# #.@.......# ....#
#.........# ....#
##........# ....#
#........# ....#
#........# ....#
#........# #####
##########


You could see a gnoll.


Message History

The adder closely misses you.
You closely miss the adder.
The adder is moderately wounded.
You hit the rat but do no damage. The adder bites you but does no damage.
The rat closely misses you.
You barely miss the adder.
The adder is moderately wounded.
You hit the rat. The adder bites you. The rat closely misses you.
The adder barely misses you.
You barely miss the rat.
The rat is severely wounded.
You barely miss the adder. The adder barely misses you.
The rat barely misses you.
You hit the rat.
You kill the rat!
You barely miss the adder. The adder misses you.
An endoplasm comes into view.
You hit the adder but do no damage.
The adder is moderately wounded.
The adder barely misses you.
You hit the adder.
The adder is severely wounded.
The adder bites you. The adder bites you but does no damage.
You hit the adder.
You kill the adder!
You have reached level 4!
You see here an adder corpse.
Found 8 gold pieces.
The endoplasm hits you but does no damage.
You hit the endoplasm.
You kill the endoplasm!
No target in view!
You now have 91 gold pieces (gained 11).
You now have 99 gold pieces (gained 8).
Found a dark potion.
Found 7 gold pieces.
m - a dark potion You now have 106 gold pieces (gained 7).
A gnoll is nearby!
The gnoll shouts!
You hear a shout!
The gnoll barely misses you. The gnoll closely misses you.
The gnoll shouts! x2
You hit the gnoll.
The gnoll is moderately wounded.
The gnoll barely misses you.
You hit the gnoll but do no damage.
The gnoll is moderately wounded.
The gnoll hits you with the +5 spear "Luudus" {venom, rCorr Dex+2}.
You are poisoned.
You hit the gnoll but do no damage.
The gnoll is moderately wounded.
You feel sick. The gnoll barely misses you.
You hit the gnoll but do no damage.
The gnoll is moderately wounded.
You feel sick. The gnoll barely misses you.
The gnoll hits you with the +5 spear "Luudus" {venom, rCorr Dex+2}!
You are more poisoned.
You feel very sick.
The gnoll hits you from afar with the +5 spear "Luudus" {venom, rCorr Dex+2}!
* * * LOW HITPOINT WARNING * * *
You are more poisoned.
* * * LOW HITPOINT WARNING * * *
You feel extremely sick.
Unknown command.
* * * LOW HITPOINT WARNING * * *
You feel very sick. The gnoll attacks as it pursues you!
The gnoll hits you from afar with the +5 spear "Luudus" {venom, rCorr Dex+2}.
You die...

Action                     |  1- 3 |  4- 6 || total
---------------------------+-------+-------++-------
  Melee: Hand axe          |    63 |     5 ||    68
 Armour: Robe              |    28 |       ||    28
         Leather armour    |     6 |     5 ||    11
  Dodge: Dodged            |    41 |     5 ||    46

Levels and vault maps discovered:
D:1:      dpeg_arrival_tiny_f, layout_rooms, minmay_misc_feat_x,
          minmay_liquid_box, nicolae_figureground_sparkle
D:2:      layout_rooms, uniq_robin

Notes
Turn   | Place    | Note
-------+----------+-------------------------------------------
     0 | D:1      | wazuzu the Hill Orc Monk began the quest for the Orb.
     0 | D:1      | Reached XP level 1. HP: 19/19 MP: 1/1
   162 | D:1      | Reached XP level 2. HP: 26/26 MP: 2/2
   240 | D:1      | Reached skill level 5 in Axes
   553 | D:2      | Reached XP level 3. HP: 25/31 MP: 3/3
   680 | D:1      | Reached skill level 6 in Axes
   877 | D:2      | Reached XP level 4. HP: 30/39 MP: 4/4
   929 | D:2      | Identified the +5 spear "Luudus" {venom, rCorr Dex+2}
   954 | D:2      | HP: 6/39 [poisoned by a gnoll]
   955 | D:2      | HP: 2/39 [poisoned by a gnoll]
   955 | D:2      | Slain by a gnoll

Vanquished Creatures
  4 adders
  A ball python (D:2)
  2 bats (D:1)
  4 endoplasms
  A giant cockroach (D:1)
  2 goblins
  A hobgoblin (D:1)
  2 kobolds (D:1)
  A frilled lizard (D:1)
  4 rats
22 creatures vanquished.
